[Event "Monday Night Engine Tour 11 Rd Swiss 5m+1s Starts at 2200hrs ST"]
[Site "Infinity Chess"]
[Date "2018.4.16"]
[Round "3"]
[White "Seliga"]
[Black "KRAKEN"]
[Result "1/2-1/2"]
[ECO "D30"]
[WhiteElo "2534"]
[BlackElo "2582"]
[WhiteEngine "SF9 ''A5''_CTG"]
[BlackEngine "Raubfisch X38b_CTG"]
[EventType "Swiss"]
[WhiteTeam ""]
[BlackTeam ""]
[PlyCount "114"]
[TimeControl "300+1"]

1. d4 d5 2. c4 e6 3. Nf3 Nf6 4. Nc3 c6 5. e3 Nbd7 6. Qc2 Bd6 7. b3 O-O 8. Be2 b6 
9. Bb2 Bb7 10. O-O Qe7 11. Rfe1 Rfe8 12. e4 Nxe4 13. Nxe4 dxe4 14. Qxe4 Bb4 
15. Red1 Rad8 16. a3 Bd6 17. b4 f5 18. Qh4 Qxh4 19. Nxh4 g5 20. Nf3 g4 
21. Ne1 Ba6 22. Rac1 e5 23. Nc2 Kf7 24. Ne3 exd4 25. Bxd4 Bf4 26. g3 Bxe3 
27. Bxe3 Ne5 28. Rxd8 Rxd8 29. Kf1 Kf6 30. Rc3 Rc8 31. Ke1 c5 32. bxc5 bxc5 
33. Kd2 Bb7 34. Rb3 Bf3 35. Bxf3 Nxc4+ 36. Kc2 Nxe3+ 37. Rxe3 gxf3 38. Kc3 Rd8 
39. Kc4 Rd2 40. Rxf3 Rc2+ 41. Kb5 Ke5 42. h3 c4 43. Kc5 c3 44. Re3+ Kf6 
45. Rf3 h5 46. Kd4 Ra2 47. Rxc3 Rxf2 48. Rc6+ Kg5 49. Ke3 Rb2 50. h4+ Kg4 
51. Rg6+ Kh3 52. Rg5 Ra2 53. Rxh5 Kxg3 54. Rxf5 Rxa3+ 55. Kd4 a6 56. h5 Kg4 
57. Rf7 Kxh5 1/2-1/2

[Event "Monday Night Engine Tour 11 Rd Swiss 5m+1s Starts at 2200hrs ST"]
[Site "Infinity Chess"]
[Date "2018.4.16"]
[Round "3"]
[White "Victorious"]
[Black "Murx"]
[Result "1/2-1/2"]
[ECO "C55"]
[WhiteElo "2620"]
[BlackElo "2550"]
[WhiteEngine "asmFishW_9_popcnt"]
[BlackEngine "asmFishW_2018-04-07_popcnt"]
[EventType "Swiss"]
[WhiteTeam ""]
[BlackTeam ""]
[PlyCount "108"]
[TimeControl "300+1"]

1. e4 e5 2. Nf3 Nc6 3. Bc4 Nf6 4. d3 Bc5 5. O-O d6 6. c3 O-O 7. Re1 a5 
8. Nbd2 h6 9. Nf1 Be6 10. Bb5 Ne7 11. h3 c6 12. Ba4 b5 13. Bc2 a4 14. d4 exd4 
15. cxd4 Bb4 16. Re2 Nh5 17. Nh4 Nc8 18. a3 Ba5 19. Nf3 Ne7 20. Bd2 Bb6 
21. Ne3 Re8 22. Re1 Ng6 23. Rc1 Rc8 24. Bc3 Nhf4 25. Kh2 d5 26. e5 c5 
27. dxc5 Bxc5 28. Bd4 Bb6 29. Ng1 Bd7 30. g3 Bxd4 31. Qxd4 Ne6 32. Qxd5 Rc5 
33. Qd3 Rxe5 34. Nf3 Rh5 35. h4 Ng5 36. Ng2 Nxf3+ 37. Qxf3 Rhe5 38. Red1 Qe7 
39. Bxg6 fxg6 40. Qb7 Bf5 41. Qxe7 R8xe7 42. Ne3 g5 43. hxg5 hxg5 44. Kg1 Be4 
45. Kf1 Bf3 46. Rc8+ Kh7 47. Rd4 R5e6 48. Ke1 Rh6 49. Rdd8 Kg6 50. Rc5 Rh1+ 
51. Kd2 Rh2 52. Ke1 Rh1+ 53. Kd2 Rh2 54. Ke1 Rh1+ 1/2-1/2

[Event "Monday Night Engine Tour 11 Rd Swiss 5m+1s Starts at 2200hrs ST"]
[Site "Infinity Chess"]
[Date "2018.4.16"]
[Round "2"]
[White "Thor"]
[Black "incredible"]
[Result "1-0 "]
[ECO "C00"]
[WhiteElo "2509"]
[BlackElo "2469"]
[WhiteEngine "asmFishW_2018-04-08_bmi2"]
[BlackEngine "stockfish_18041408_x64_bmi2"]
[EventType "Swiss"]
[WhiteTeam ""]
[BlackTeam ""]
[PlyCount "109"]
[TimeControl "300+1"]

1. e4 e6 2. d4 h6 3. Nc3 d5 4. Bd3 Nf6 5. e5 Nfd7 6. Nce2 c5 7. c3 Be7 8. Nf3 c4 
9. Bc2 b5 10. Qd2 a5 11. Qf4 g6 12. h4 Nc6 13. Nh2 h5 14. Nf3 Nb6 15. Qg3 Kd7 
16. Bg5 Bb7 17. Qf4 Qe8 18. Bxe7 Qxe7 19. Ng5 Raf8 20. Rh3 Kc7 21. Kf1 b4 
22. Rf3 Nd7 23. Kg1 Kb8 24. b3 Ba6 25. bxc4 Bxc4 26. Nc1 Ka8 27. Ba4 Ndb8 
28. Nb3 Be2 29. Rg3 Bc4 30. cxb4 f6 31. exf6 Rxf6 32. Qc1 Rhf8 33. b5 Bxb3 
34. Bxb3 Nxd4 35. Re3 Qd6 36. Qc3 Qb4 37. Qd3 Qc5 38. Rd1 Nxb3 39. Qxb3 Re8 
40. Qb2 e5 41. Qb3 Qc4 42. Rxd5 Qxb3 43. axb3 Rff8 44. g3 Rd8 45. Rdxe5 Nd7 
46. Re6 Nc5 47. Rxg6 Rde8 48. Rxe8+ Rxe8 49. g4 Rh8 50. Nf7 Rf8 51. Ne5 hxg4 
52. Nc6 Kb7 53. Nxa5+ Ka7 54. h5 Nd7 55. h6 1-0

[Event "Monday Night Engine Tour 11 Rd Swiss 5m+1s Starts at 2200hrs ST"]
[Site "Infinity Chess"]
[Date "2018.4.16"]
[Round "2"]
[White "RonWeasley"]
[Black "Cepri"]
[Result "1/2-1/2"]
[ECO "D30"]
[WhiteElo "2494"]
[BlackElo "2486"]
[WhiteEngine "BrainFish 090218_CTG"]
[BlackEngine "asmfishw_08A18b_CTG"]
[EventType "Swiss"]
[WhiteTeam ""]
[BlackTeam ""]
[PlyCount "130"]
[TimeControl "300+1"]

1. d4 d5 2. c4 e6 3. Nf3 Nf6 4. Nc3 c6 5. Bg5 h6 6. Bxf6 Qxf6 7. e3 Nd7 
8. Be2 g6 9. O-O Bg7 10. e4 dxe4 11. Nxe4 Qf4 12. Qc2 f5 13. Ned2 c5 14. g3 Qc7 
15. Nh4 Bxd4 16. Nxg6 Rg8 17. Nh4 Nf6 18. Ndf3 Rxg3+ 19. hxg3 Qxg3+ 20. Ng2 Ng4 
21. Qd2 Bxf2+ 22. Rxf2 Qxf2+ 23. Kh1 Bd7 24. Ne5 O-O-O 25. Nxg4 fxg4 26. Rd1 h5 
27. b3 b6 28. Qd3 Qf5 29. Kg1 Qxd3 30. Rxd3 Be8 31. Re3 Rd2 32. Rxe6 Bd7 
33. Re3 Rxa2 34. Kf2 Ra1 35. Re5 Rb1 36. Rxh5 Rxb3 37. Rh8+ Kc7 38. Nf4 g3+ 
39. Ke1 Bc6 40. Rg8 a5 41. Kd2 a4 42. Bd3 a3 43. Rg7+ Bd7 44. Rxg3 b5 
45. Nd5+ Kb7 46. Rg1 Rb2+ 47. Kc1 b4 48. Rg7 Kc6 49. Rg6+ Kb7 50. Rg7 Kc6 
51. Rg6+ Kb7 52. Rg1 Be6 53. Rg6 Bxd5 54. cxd5 Rh2 55. Bc4 Rh4 56. Ba6+ Kc7 
57. Rc6+ Kd7 58. Bb5 Rh1+ 59. Kc2 Rh2+ 60. Kb3 Rh3+ 61. Ka2 Rh2+ 62. Kb3 Rh3+ 
63. Ka2 Rh2+ 64. Ka1 Rh1+ 65. Ka2 Rh2+ 1/2-1/2

[Event "Monday Night Engine Tour 11 Rd Swiss 5m+1s Starts at 2200hrs ST"]
[Site "Infinity Chess"]
[Date "2018.4.16"]
[Round "2"]
[White "Dovahkiin"]
[Black "OlivierEvan"]
[Result "1/2-1/2"]
[ECO "C55"]
[WhiteElo "2429"]
[BlackElo "2393"]
[WhiteEngine "Raubfisch ME262_GTZ16f_CTG"]
[BlackEngine "Houdini 6"]
[EventType "Swiss"]
[WhiteTeam ""]
[BlackTeam ""]
[PlyCount "101"]
[TimeControl "300+1"]

1. e4 e5 2. Nf3 Nc6 3. Bc4 Nf6 4. d3 Bc5 5. O-O d6 6. c3 O-O 7. Bg5 h6 8. Bh4 a5 
9. a4 Be6 10. Nbd2 Qe7 11. Re1 g5 12. Bg3 Ne8 13. Bxe6 fxe6 14. Nc4 Qf7 
15. Qb3 Rb8 16. Rf1 Nf6 17. Qb5 Qe7 18. Rad1 g4 19. Nh4 Rf7 20. Nxa5 Nxa5 
21. b4 Bxb4 22. Qxb4 b6 23. f4 gxf3 24. Rxf3 Nh5 25. Rxf7 Qxf7 26. Rf1 Qe8 
27. d4 Qd7 28. Rf3 Ra8 29. dxe5 Nc6 30. Qb5 Nxe5 31. Bxe5 Qxb5 32. axb5 dxe5 
33. Ng6 Ra1+ 34. Rf1 Ra4 35. Nxe5 Rxe4 36. Nd7 Rc4 37. Rf3 Nf4 38. Rg3+ Kh8 
39. Kf2 Nd5 40. Rg6 h5 41. g3 h4 42. Rxe6 hxg3+ 43. hxg3 Nxc3 44. Re7 Kg8 
45. Nf6+ Kf8 46. Rd7 Ne4+ 47. Nxe4 Rxe4 48. g4 Rxg4 49. Rxc7 Rb4 50. Ke3 Rxb5 
51. Rd7 1/2-1/2

[Event "Monday Night Engine Tour 11 Rd Swiss 5m+1s Starts at 2200hrs ST"]
[Site "Infinity Chess"]
[Date "2018.4.16"]
[Round "2"]
[White "star99"]
[Black "ocirema"]
[Result "1/2-1/2"]
[ECO "C50"]
[WhiteElo "2503"]
[BlackElo "2495"]
[WhiteEngine "Cryptic Heroes 9.4B"]
[BlackEngine "asmFishW_2018-04-11_popcnt_CTG"]
[EventType "Swiss"]
[WhiteTeam ""]
[BlackTeam ""]
[PlyCount "52"]
[TimeControl "300+1"]

1. e4 e5 2. Nf3 Nc6 3. Bc4 Bc5 4. d3 Nf6 5. c3 d6 6. Bb3 a5 7. O-O h6 8. d4 Ba7 
9. h3 O-O 10. Bc2 Re8 11. Re1 exd4 12. cxd4 Nb4 13. Nc3 Nxc2 14. Qxc2 c6 
15. Bf4 Be6 16. Rad1 Qd7 17. Qd2 Rad8 18. b3 d5 19. e5 Ne4 20. Nxe4 dxe4 
21. Bxh6 gxh6 22. Qxh6 exf3 23. Qg5+ Kf8 24. Qh6+ Kg8 25. Qg5+ Kf8 26. Qh6+ Kg8 
1/2-1/2

[Event "Monday Night Engine Tour 11 Rd Swiss 5m+1s Starts at 2200hrs ST"]
[Site "Infinity Chess"]
[Date "2018.4.16"]
[Round "2"]
[White "Deep_Impact"]
[Black "Seliga"]
[Result "1/2-1/2"]
[ECO "D30"]
[WhiteElo "2505"]
[BlackElo "2535"]
[WhiteEngine "asmFishW_2018-04-07_bmi2"]
[BlackEngine "SF9 ''A5''_CTG"]
[EventType "Swiss"]
[WhiteTeam ""]
[BlackTeam ""]
[PlyCount "85"]
[TimeControl "300+1"]

1. d4 d5 2. c4 e6 3. Nf3 Nf6 4. Nc3 c6 5. e3 Nbd7 6. Qc2 Bd6 7. Bd3 dxc4 
8. Bxc4 O-O 9. O-O b5 10. Be2 Bb7 11. Rd1 Qc7 12. e4 e5 13. dxe5 Nxe5 
14. Nd4 Neg4 15. Bxg4 Bxh2+ 16. Kf1 Nxg4 17. g3 b4 18. Nd5 Qd7 19. Nxc6 Kh8 
20. Nde7 Qe8 21. Bf4 f5 22. exf5 Bxc6 23. Nxc6 Qh5 24. Kg2 Rxf5 25. Qe4 Bxg3 
26. fxg3 Qh2+ 27. Kf3 h5 28. Qe2 Qxe2+ 29. Kxe2 Re8+ 30. Kf3 g5 31. Re1 Rxe1 
32. Rxe1 gxf4 33. gxf4 a5 34. a3 bxa3 35. bxa3 Rc5 36. Ne5 Rc3+ 37. Ke4 Rxa3 
38. Nxg4 hxg4 39. Kf5 Kg7 40. Kxg4 a4 41. Rc1 Rb3 42. Rc7+ Kf6 43. Rc6+ 1/2-1/2

[Event "Monday Night Engine Tour 11 Rd Swiss 5m+1s Starts at 2200hrs ST"]
[Site "Infinity Chess"]
[Date "2018.4.16"]
[Round "2"]
[White "Murx"]
[Black "koalachess"]
[Result "1-0"]
[ECO "C11"]
[WhiteElo "2540"]
[BlackElo "2380"]
[WhiteEngine "asmFishW_2018-04-07_popcnt"]
[BlackEngine "asmFishW_2018-02-02_popcnt_CTG"]
[EventType "Swiss"]
[WhiteTeam ""]
[BlackTeam ""]
[PlyCount "105"]
[TimeControl "300+1"]

1. e4 e6 2. d4 d5 3. Nc3 Nf6 4. e5 Nfd7 5. f4 c5 6. Nf3 Nc6 7. Be3 Be7 
8. dxc5 O-O 9. Qd2 Nxc5 10. O-O-O b6 11. Kb1 Bb7 12. Qe1 Qc7 13. Nb5 Qb8 
14. h4 Rc8 15. h5 h6 16. Nbd4 a5 17. g4 Nxd4 18. Bxd4 a4 19. a3 Ba6 
20. Bxa6 Rxa6 21. g5 Ne4 22. Rg1 hxg5 23. Nxg5 Qc7 24. Qe2 b5 25. Nxe4 dxe4 
26. Qxe4 Qc6 27. Qd3 Qc4 28. h6 g5 29. Qd2 Kh8 30. fxg5 Rac6 31. c3 b4 
32. axb4 a3 33. Qf2 Rf8 34. bxa3 Qb3+ 35. Qb2 Qa4 36. Rc1 Ra6 37. g6 fxg6 
38. Rxg6 Qc6 39. Qc2 Qa4 40. Qxa4 Rxa4 41. Rxe6 Rf7 42. Rg1 Ra8 43. Reg6 Rf4 
44. e6+ Rxd4 45. cxd4 Bd6 46. h7 Ra7 47. Rg8+ Kxh7 48. R8g5 Bf8 49. R5g3 Bh6 
50. d5 Re7 51. Rh1 Re8 52. Rgh3 Kg6 53. Rxh6+ 1-0

[Event "Monday Night Engine Tour 11 Rd Swiss 5m+1s Starts at 2200hrs ST"]
[Site "Infinity Chess"]
[Date "2018.4.16"]
[Round "2"]
[White "KRAKEN"]
[Black "Victorious"]
[Result "1/2-1/2"]
[ECO "D43"]
[WhiteElo "2580"]
[BlackElo "2622"]
[WhiteEngine "Raubfisch X38b_CTG"]
[BlackEngine "asmFishW_9_popcnt"]
[EventType "Swiss"]
[WhiteTeam ""]
[BlackTeam ""]
[PlyCount "87"]
[TimeControl "300+1"]

1. d4 d5 2. c4 e6 3. Nc3 Nf6 4. Nf3 c6 5. Bg5 Nbd7 6. e3 h6 7. Bf4 Nh5 
8. Be5 Nhf6 9. Bg3 Nh5 10. Be5 Nhf6 11. Bg3 Nh5 12. Bh4 g5 13. Bg3 Nxg3 
14. hxg3 Bg7 15. Qc2 a6 16. O-O-O O-O 17. Kb1 b5 18. c5 f5 19. Bd3 Qe7 
20. Rh2 Qf6 21. Rdh1 a5 22. Rh5 Ba6 23. Ne2 b4 24. Nc1 e5 25. Nxe5 Nxe5 
26. dxe5 Qxe5 27. Rxh6 Bxh6 28. Rxh6 Kg7 29. Rxc6 Bxd3 30. Nxd3 Qe4 31. a3 bxa3 
32. Rd6 Rfd8 33. Qc3+ d4 34. Rxd4 Rxd4 35. exd4 axb2 36. Kxb2 Rb8+ 37. Ka3 Qd5 
38. g4 fxg4 39. Ne5 a4 40. Qc2 Kh8 41. Ng6+ Kg7 42. Ne5 Kh8 43. Ng6+ Kg7 44. Ne5 
1/2-1/2

[Event "Monday Night Engine Tour 11 Rd Swiss 5m+1s Starts at 2200hrs ST"]
[Site "Infinity Chess"]
[Date "2018.4.16"]
[Round "1"]
[White "OlivierEvan"]
[Black "star99"]
[Result "1/2-1/2"]
[ECO "C55"]
[WhiteElo "2388"]
[BlackElo "2508"]
[WhiteEngine "Houdini 6"]
[BlackEngine "Cryptic Heroes 9.4B"]
[EventType "Swiss"]
[WhiteTeam ""]
[BlackTeam ""]
[PlyCount "173"]
[TimeControl "300+1"]

1. e4 e5 2. Nf3 Nc6 3. Bc4 Nf6 4. d3 Be7 5. O-O d6 6. c3 O-O 7. a4 a6 8. Re1 Be6 
9. Bxe6 fxe6 10. b4 Qd7 11. h3 h6 12. Nbd2 Nh5 13. Nc4 Qe8 14. Be3 Qg6 
15. Ncd2 a5 16. b5 Nb8 17. Qb3 Nd7 18. d4 Rf7 19. Qc4 Rc8 20. Kh1 Nf4 
21. Bxf4 Rxf4 22. Re3 Bg5 23. Rd1 Nb6 24. Qa2 Rcf8 25. Kg1 Kh7 26. Rf1 R4f7 
27. Nxg5+ Qxg5 28. Rg3 Qf6 29. Nf3 Nd7 30. Qc4 Nb6 31. Qd3 Nd7 32. Re1 Rc8 
33. Qc4 c5 34. bxc6 Rxc6 35. Qb3 Rb6 36. Qc2 Rc6 37. Rb1 Rc7 38. Rd1 Rf8 
39. Qb2 Qe7 40. Nd2 Rfc8 41. Re3 exd4 42. cxd4 e5 43. Nf3 b6 44. Qb5 Rc1 
45. Ree1 Rxd1 46. Rxd1 Rc7 47. dxe5 dxe5 48. Qb3 Qf6 49. Qd5 Qe7 50. Qb3 Qf6 
51. Qd5 Qe7 52. Qd6 Qxd6 53. Rxd6 Rb7 54. Rc6 Nc5 55. Nxe5 Nxa4 56. Nc4 Ra7 
57. Na3 Nc5 58. f3 Rb7 59. Kf2 a4 60. Nb5 Rb8 61. Rd6 Ra8 62. Na3 Rb8 63. h4 Nb3 
64. Rd5 Kg8 65. Rb5 Nc5 66. Ke3 Rd8 67. Ke2 Rd6 68. Nc4 Rc6 69. Rb4 Na6 
70. Rxa4 b5 71. Ne5 bxa4 72. Nxc6 a3 73. Nd4 a2 74. Nc2 Kf7 75. Kd2 Nb4 
76. Na1 Kg6 77. Kc3 Nc6 78. Nc2 Kh5 79. g3 Ne5 80. Kb2 Nxf3 81. Ne3 Nd2 
82. e5 Ne4 83. Kxa2 Nxg3 84. e6 Kg6 85. Nd5 Nf5 86. Kb2 Nxh4 87. Nf4+ 1/2-1/2

[Event "Monday Night Engine Tour 11 Rd Swiss 5m+1s Starts at 2200hrs ST"]
[Site "Infinity Chess"]
[Date "2018.4.16"]
[Round "1"]
[White "Deep_Impact"]
[Black "Dovahkiin"]
[Result "1/2-1/2"]
[ECO "D31"]
[WhiteElo "2508"]
[BlackElo "2426"]
[WhiteEngine "asmFishW_2018-04-07_bmi2"]
[BlackEngine "Raubfisch ME262_GTZ16f_CTG"]
[EventType "Swiss"]
[WhiteTeam ""]
[BlackTeam ""]
[PlyCount "124"]
[TimeControl "300+1"]

1. d4 d5 2. c4 e6 3. Nc3 c6 4. Nf3 Nf6 5. e3 Nbd7 6. Qc2 Bd6 7. Bd3 O-O 
8. O-O dxc4 9. Bxc4 a6 10. Rd1 b5 11. Bd3 Qc7 12. Bd2 c5 13. Ne4 c4 
14. Nxd6 Qxd6 15. Be2 Bb7 16. b3 Bd5 17. Qb2 Ne4 18. Ba5 Rfc8 19. Rdc1 f5 
20. bxc4 Bxc4 21. Bd1 Rab8 22. Bb3 h6 23. Rab1 Ng5 24. Nd2 Bxb3 25. Qxb3 Nf6 
26. h3 Qd7 27. Bb4 Ra8 28. Bc5 Nfe4 29. Rb2 Nxd2 30. Rxd2 a5 31. f3 Rab8 
32. Qa3 Ra8 33. Qd3 Rab8 34. Rb2 b4 35. Qa6 Ra8 36. Qe2 Nf7 37. Rb3 Nd8 
38. a3 bxa3 39. Rc4 Rcb8 40. Rxb8 Rxb8 41. Bxa3 Nc6 42. Rc5 Rb1+ 43. Kf2 f4 
44. exf4 Nxd4 45. Qd2 Qd8 46. Bc1 Rb4 47. Bb2 Qh4+ 48. Kf1 Nf5 49. Rxa5 Rxf4 
50. Qd3 Rb4 51. Be5 Rc4 52. Bb2 Rb4 53. Ra8+ Kh7 54. Qc2 Qg3 55. Ra7 Rxb2 
56. Qxb2 Ne3+ 57. Kg1 Qe1+ 58. Kh2 Nf1+ 59. Kg1 Ne3+ 60. Kh2 Nf1+ 61. Kg1 Ng3+ 
62. Kh2 Nf1+ 1/2-1/2

[Event "Monday Night Engine Tour 11 Rd Swiss 5m+1s Starts at 2200hrs ST"]
[Site "Infinity Chess"]
[Date "2018.4.16"]
[Round "1"]
[White "incredible"]
[Black "Murx"]
[Result "0-1"]
[ECO "A50"]
[WhiteElo "2483"]
[BlackElo "2526"]
[WhiteEngine "stockfish_18041408_x64_bmi2"]
[BlackEngine "asmFishW_2018-04-07_popcnt"]
[EventType "Swiss"]
[WhiteTeam ""]
[BlackTeam ""]
[PlyCount "178"]
[TimeControl "300+1"]

1. d4 Nf6 2. c4 c6 3. Nc3 d5 4. Nf3 e6 5. Bg5 h6 6. Bxf6 Qxf6 7. e3 Nd7 
8. Bd3 dxc4 9. Bxc4 g6 10. O-O Bg7 11. e4 e5 12. d5 Nb6 13. Nd2 O-O 14. Bb3 h5 
15. Qe2 Bg4 16. f3 Bd7 17. Rfd1 Qe7 18. Qe3 Bf6 19. Qf2 Bg5 20. a3 Kg7 
21. Nf1 Rac8 22. Kh1 Rfd8 23. Ne3 h4 24. Re1 cxd5 25. Nexd5 Nxd5 26. exd5 Bf4 
27. Ne4 f5 28. d6 Qf8 29. Nc5 Bg3 30. Nxd7 Bxf2 31. Nxf8 Kxf8 32. Rxe5 Rxd6 
33. Re2 Bb6 34. g3 h3 35. f4 Rc7 36. Rf1 Kg7 37. Bc2 Rd4 38. Rb1 Rdc4 
39. Bd3 Rd4 40. Bc2 Kf6 41. Rf1 Bc5 42. Ra1 a5 43. a4 Ba7 44. Rf1 Rb4 45. Rb1 b5 
46. axb5 a4 47. Rbe1 Rxb2 48. Re6+ Kf7 49. Bxa4 Bf2 50. b6 Bxe1 51. Rxe1 Rxb6 
52. Kg1 Rb2 53. Bd1 Rg2+ 54. Kh1 Kf6 55. Bf3 Rf2 56. Bd5 Rcc2 57. Kg1 Rxh2 
58. Re6+ Kg7 59. Re7+ Kh6 60. Re1 Rhf2 61. Kh1 Rc3 62. Rd1 Rxg3 63. Be6 h2 
64. Bxf5 Rg1+ 65. Rxg1 hxg1=Q+ 66. Kxg1 Rxf4 67. Bh3 Kg5 68. Kg2 Kh4 69. Be6 g5 
70. Ba2 g4 71. Be6 Rb4 72. Bd5 Rd4 73. Be6 Rd8 74. Bc4 Rd6 75. Be2 Rd2 
76. Kf2 Rxe2+ 77. Kxe2 g3 78. Ke1 Kg4 79. Ke2 Kf4 80. Ke1 Ke3 81. Kf1 Kf3 
82. Ke1 g2 83. Kd1 Ke3 84. Kc2 Kd4 85. Kd2 g1=Q 86. Kc2 Qa1 87. Kb3 Qb1+ 
88. Ka4 Kc4 89. Ka3 Qa1# 0-1

[Event "Monday Night Engine Tour 11 Rd Swiss 5m+1s Starts at 2200hrs ST"]
[Site "Infinity Chess"]
[Date "2018.4.16"]
[Round "1"]
[White "Seliga"]
[Black "ocirema"]
[Result "1/2-1/2"]
[ECO "D02"]
[WhiteElo "2537"]
[BlackElo "2493"]
[WhiteEngine "SF9 ''A5''_CTG"]
[BlackEngine "asmFishW_2018-04-11_popcnt_CTG"]
[EventType "Swiss"]
[WhiteTeam ""]
[BlackTeam ""]
[PlyCount "71"]
[TimeControl "300+1"]

1. d4 d5 2. Nf3 Nf6 3. c4 e6 4. Nc3 c6 5. e3 Nbd7 6. Qc2 Bd6 7. Be2 dxc4 
8. O-O b5 9. a4 b4 10. Ne4 Nxe4 11. Qxe4 Bb7 12. Bxc4 O-O 13. Rd1 Qe7 14. b3 Nf6 
15. Qh4 c5 16. dxc5 Bxc5 17. Bb2 Rfd8 18. Rxd8+ Rxd8 19. Rc1 Ne4 20. Qxe7 Bxe7 
21. Bd4 a6 22. Kf1 Bf6 23. a5 Rc8 24. Bxf6 gxf6 25. Ra1 Rc5 26. Ra4 Bc6 
27. Rxb4 Rxa5 28. Nd4 Ra1+ 29. Ke2 Ra2+ 30. Ke1 Bb5 31. Nxb5 Ra1+ 32. Ke2 Ra2+ 
33. Ke1 Ra1+ 34. Ke2 Ra2+ 35. Kf1 Ra1+ 36. Ke2 1/2-1/2

[Event "Monday Night Engine Tour 11 Rd Swiss 5m+1s Starts at 2200hrs ST"]
[Site "Infinity Chess"]
[Date "2018.4.16"]
[Round "1"]
[White "Cepri"]
[Black "KRAKEN"]
[Result "0-1"]
[ECO "C55"]
[WhiteElo "2499"]
[BlackElo "2567"]
[WhiteEngine "asmfishw_08A18b_CTG"]
[BlackEngine "Raubfisch X38b_CTG"]
[EventType "Swiss"]
[WhiteTeam ""]
[BlackTeam ""]
[PlyCount "89"]
[TimeControl "300+1"]

1. e4 e5 2. Nf3 Nc6 3. Bc4 Nf6 4. d3 Bc5 5. c3 O-O 6. O-O d6 7. Bg5 h6 8. Bh4 a6 
9. a4 g5 10. Bg3 g4 11. Bh4 gxf3 12. Qxf3 Kg7 13. Nd2 Be6 14. b4 Ba7 15. Bd5 Nb8 
16. Bxb7 Nbd7 17. Kh1 Rg8 18. Qe2 Rb8 19. Bxa6 Kh7 20. Bc4 Qe8 21. a5 d5 
22. Bxd5 Nxd5 23. exd5 Bxd5 24. f3 Qe6 25. Bf2 Bxf2 26. Qxf2 Qg6 27. Ne4 f5 
28. Nd2 Bb7 29. Rab1 Rbe8 30. Rg1 Nf6 31. Qa7 Ba8 32. Qxc7+ Rg7 33. Qb6 Qg5 
34. Rbe1 e4 35. dxe4 fxe4 36. Qd4 Qf5 37. Re3 exf3 38. gxf3 Reg8 39. Rxg7+ Rxg7 
40. Qd3 Qxd3 41. Rxd3 Ng4 42. Ne4 Bxe4 43. Rd2 Bxf3+ 44. Kg1 Re7 45. Kf1 0-1

[Event "Monday Night Engine Tour 11 Rd Swiss 5m+1s Starts at 2200hrs ST"]
[Site "Infinity Chess"]
[Date "2018.4.16"]
[Round "1"]
[White "Victorious"]
[Black "RonWeasley"]
[Result "1-0 "]
[ECO "C12"]
[WhiteElo "2610"]
[BlackElo "2506"]
[WhiteEngine "asmFishW_9_popcnt"]
[BlackEngine "BrainFish 090218_CTG"]
[EventType "Swiss"]
[WhiteTeam ""]
[BlackTeam ""]
[PlyCount "53"]
[TimeControl "300+1"]

1. e4 e6 2. d4 d5 3. Nc3 Nf6 4. Bg5 Bb4 5. e5 h6 6. Be3 Ne4 7. Qg4 g6 
8. a3 Bxc3+ 9. bxc3 c5 10. Bd3 h5 11. Qf3 Nxc3 12. dxc5 Bd7 13. Qf4 Bc6 
14. Nf3 Na4 15. O-O Nd7 16. Qb4 a5 17. Qd4 Naxc5 18. Rab1 Qc7 19. Rfc1 b6 
20. Qf4 Rc8 21. h3 Ne4 22. Bd4 Qd8 23. c4 Nec5 24. Be2 dxc4 25. Ng5 O-O 
26. Rxc4 Bd5 27. Rc3 1-0

[Event "Monday Night Engine Tour 11 rd Swiss 5m+1s Starts at 2200hrs ST"]
[Site "Infinity Chess"]
[Date "2018.4.24"]
[Round "9"]
[White "ocirema"]
[Black "star99"]
[Result "1/2-1/2"]
[ECO "D12"]
[WhiteElo "2466"]
[BlackElo "2464"]
[WhiteEngine "Eman 1.70-beta21 64-bit POPCNT_CTG"]
[BlackEngine "Cryptic Heroes 9.4B"]
[EventType "Swiss"]
[WhiteTeam ""]
[BlackTeam ""]
[PlyCount "135"]
[TimeControl "300+1"]

1. d4 d5 2. c4 c6 3. Nf3 Nf6 4. e3 Bf5 5. Nc3 e6 6. Nh4 Be4 7. f3 Bg6 8. g3 Nbd7 
9. Qb3 Qb6 10. Nxg6 hxg6 11. cxd5 Qxb3 12. axb3 Nxd5 13. Nxd5 exd5 14. Bd2 Bd6 
15. Kf2 a6 16. h4 O-O-O 17. Bd3 Nf8 18. Rh3 Ne6 19. f4 Be7 20. Rah1 c5 
21. Ba5 Rd6 22. h5 gxh5 23. dxc5 Nxc5 24. Bf5+ Kb8 25. Rxh5 Rxh5 26. Rxh5 b6 
27. Rh8+ Rd8 28. Rxd8+ Bxd8 29. Bc3 g6 30. Bc2 Ne4+ 31. Kf3 f5 32. g4 Kc7 
33. gxf5 gxf5 34. Bd3 Kb7 35. Bf1 b5 36. Be2 Be7 37. Bd3 Kc6 38. Bd4 Bb4 
39. Bc2 Bc5 40. Be5 Nd2+ 41. Ke2 Ne4 42. Kf3 b4 43. Bd3 Kb6 44. Ke2 Kb7 
45. Kf3 Kb6 46. Bb8 a5 47. Be5 Nd2+ 48. Ke2 Ne4 49. Bc2 Ng3+ 50. Kf3 Ne4 
51. Bd3 Bd6 52. Bg7 Be7 53. Be5 Nd2+ 54. Ke2 Ne4 55. Kf3 Bc5 56. Bc2 Kb5 
57. Bc7 Bd6 58. Bd8 Bc5 59. Bd3+ Kc6 60. Bxa5 Nd2+ 61. Ke2 Nxb3 62. Bd8 Nc1+ 
63. Kd2 Nb3+ 64. Kc2 Na1+ 65. Kb1 Nb3 66. Kc2 Na1+ 67. Kb1 Nb3 68. Kc2 1/2-1/2

[Event "Monday Night Engine Tour 11 rd Swiss 5m+1s Starts at 2200hrs ST"]
[Site "Infinity Chess"]
[Date "2018.4.24"]
[Round "9"]
[White "OlivierEvan"]
[Black "Seliga"]
[Result "1/2-1/2"]
[ECO "C20"]
[WhiteElo "2442"]
[BlackElo "2500"]
[WhiteEngine "Houdini 6"]
[BlackEngine "AsmFish A12_CTG"]
[EventType "Swiss"]
[WhiteTeam ""]
[BlackTeam ""]
[PlyCount "122"]
[TimeControl "300+1"]

1. e4 e5 2. d3 Nc6 3. f4 d5 4. exd5 Qxd5 5. Nc3 Qe6 6. fxe5 Qxe5+ 7. Qe2 Qxe2+ 
8. Ngxe2 Bd7 9. Bd2 O-O-O 10. g3 h5 11. Bg2 h4 12. O-O-O h3 13. Bd5 Be8 
14. Bb3 Nf6 15. Bg5 Ne5 16. Nf4 Bc6 17. Bxf6 gxf6 18. Bd5 Bh6 19. Bxc6 Bxf4+ 
20. gxf4 Nxc6 21. Rd2 f5 22. Rf1 Kd7 23. Ne2 Ne7 24. c4 Ke6 25. d4 c6 
26. Rd3 Kf6 27. Rff3 Ng6 28. Rf2 Rde8 29. Kd2 Rd8 30. Ra3 a6 31. Rb3 b5 
32. Rc3 Ne7 33. b3 Rdg8 34. Rg3 bxc4 35. bxc4 Nc8 36. Rxg8 Rxg8 37. Kd3 Nd6 
38. Ng3 Rb8 39. c5 Ne8 40. Rf3 Nc7 41. Ne2 Rh8 42. Kc4 Ne6 43. Rb3 Rg8 
44. Rxh3 Rg2 45. Re3 Nc7 46. h4 Rh2 47. Re5 Rxh4 48. Ng3 Rg4 49. Nxf5 Ne6 
50. Nd6 Rxf4 51. Re4 Rxe4 52. Nxe4+ Ke7 53. d5 cxd5+ 54. Kxd5 Kd7 55. a4 Nc7+ 
56. Kc4 Ne6 57. Nd6 Kc6 58. Nxf7 Nxc5 59. Ne5+ Kb6 60. a5+ Kxa5 61. Kxc5 Ka4 
1/2-1/2

[Event "Monday Night Engine Tour 11 rd Swiss 5m+1s Starts at 2200hrs ST"]
[Site "Infinity Chess"]
[Date "2018.4.24"]
[Round "9"]
[White "MarioDeMonti"]
[Black "Deep_Impact"]
[Result "1/2-1/2"]
[ECO "D30"]
[WhiteElo "2479"]
[BlackElo "2506"]
[WhiteEngine "stockfish_x64_bmi2_2018_02_18_CTG"]
[BlackEngine "BrainFish_180411_x64_bmi2"]
[EventType "Swiss"]
[WhiteTeam ""]
[BlackTeam ""]
[PlyCount "228"]
[TimeControl "300+1"]

1. d4 d5 2. c4 e6 3. Nf3 Nf6 4. Nc3 c6 5. Bg5 h6 6. Bh4 dxc4 7. e4 g5 8. Bg3 b5 
9. Be2 Bb7 10. O-O Nbd7 11. Ne5 Bg7 12. Nxd7 Nxd7 13. Bd6 a6 14. a4 b4 
15. Bxb4 Qb6 16. Ba3 Qxd4 17. Qc2 c5 18. Rad1 Qe5 19. Bxc4 Qc7 20. Ne2 Be5 
21. Kh1 h5 22. Qd3 Qc6 23. f3 O-O-O 24. Qe3 g4 25. b4 Qxa4 26. Rb1 h4 
27. h3 gxf3 28. gxf3 Bc7 29. Rfc1 Rhg8 30. Bb2 Qxb4 31. Bf6 Qa4 32. Bxd8 Rxd8 
33. Nf4 Bd6 34. Qd2 Ne5 35. Be2 Qc6 36. Rc3 Bc7 37. Qc2 Qd6 38. Rd1 Qe7 
39. Rc1 Bd6 40. Rb1 Rd7 41. Rg1 Qf8 42. Qa4 Qh6 43. Rg8+ Rd8 44. Qd1 Rxg8 
45. Qxd6 Nd7 46. Nd5 Rg1+ 47. Kxg1 Qg7+ 48. Kf1 exd5 49. Rc1 Qb2 50. Rd1 Qe5 
51. Qxe5 Nxe5 52. Rc1 Kc7 53. Rxc5+ Kb6 54. Rc3 dxe4 55. Rb3+ Kc7 56. fxe4 Bxe4 
57. Ra3 Bf5 58. Kf2 Ng6 59. Bf1 Bc8 60. Rc3+ Kd8 61. Ra3 Kc7 62. Bxa6 Be6 
63. Bf1 Kd6 64. Kf3 Ke5 65. Ke3 Kf6 66. Ra1 Kg5 67. Bg2 Ne5 68. Ra4 Bd7 
69. Ra5 f6 70. Rc5 Bf5 71. Rd5 Nc4+ 72. Kf2 Ne5 73. Rd8 Be6 74. Ke3 Nc4+ 
75. Kf2 Ne5 76. Ra8 f5 77. Ra5 Kf4 78. Bf1 Bb3 79. Rc5 Nf7 80. Bg2 Ne5 
81. Bf1 Nf7 82. Rb5 Bc2 83. Rb8 Ng5 84. Rb2 Bd1 85. Bg2 Ne4+ 86. Kg1 Ke3 
87. Rb5 Kf4 88. Rb2 Ke3 89. Rb5 Kf4 90. Ra5 Bc2 91. Ra3 Ng3 92. Kh2 Be4 
93. Kg1 Bc2 94. Bf3 Be4 95. Bd1 Ke5 96. Bf3 Kf4 97. Bd1 Ke5 98. Kf2 Nh1+ 
99. Ke1 Ng3 100. Bf3 Kf4 101. Bd1 Ke5 102. Ra6 Kf4 103. Ba4 Kf3 104. Bd1+ Kf4 
105. Ba4 Nh1 106. Rh6 Kg3 107. Bd1 Kxh3 108. Ra6 f4 109. Ra3+ Kg2 110. Ra4 f3 
111. Bxf3+ Bxf3 112. Rxh4 Kg3 113. Ra4 Nf2 114. Kd2 Nd1 1/2-1/2